Map: Oxide LE

Players

BattleB

  • Race: Terran Terran

PtitDrogo - Winner!

  • Race: Protoss Protoss

Event: DreamHack SC2 Masters 2021 Winter

VOD

Have the link to the VOD?

Description

Time

  • Played on: Oct. 10, 2021, 12:14 p.m.
  • Length: 9:25

All games in this series

Show
View Real Time Build Order
Export as new Build Order

BattleB Terran 

Build Orders:  

Get SALT Encoding   

  12  0:00  SCV  
  13  0:12  SCV  
  14  0:16  Supply Depot  
  14  0:25  SCV  
  15  0:38  SCV  
  15  0:39  Barracks  
  16  0:43  Refinery  
  16  0:50  SCV  
  17  1:02  SCV  
  18  1:14  SCV  
  19  1:27  Marine, Orbital Command  
  20  1:43  Command Center  
  20  1:53  Factory  
  20  1:54  SCV  
  21  2:03  Barracks Reactor  
  21  2:06  SCV  
  21  2:07  Supply Depot  
  22  2:14  Refinery  
  22  2:18  SCV  
  23  2:31  SCV  
  24  2:38  Hellion  
  24  2:40  Marine x2  
  24  2:42  Starport  
  24  2:43  SCV  
  29  2:55  SCV  
  29  2:58  Marine x2  
  31  3:07  SCV  
  31  3:08  Widow Mine, Orbital Command  
  34  3:16  Marine  
  34  3:17  Marine  
  34  3:19  SCV  
  37  3:20  Medivac  
  39  3:29  Supply Depot, Factory Tech Lab  
  39  3:31  SCV  
  39  3:34  SCV  
  41  3:36  Marine x2  
  43  3:44  SCV  
  43  3:48  SCV  
  45  3:52  Barracks  
  45  3:55  Factory Tech Lab  
  45  3:56  SCV, Marine  
  45  3:57  Marine  
  45  3:59  Raven  
  45  4:01  SCV  
  51  4:08  SCV  
  52  4:10  Supply Depot  
  52  4:14  Marine x2  
  54  4:24  SCV  
  54  4:25  SCV  
  54  4:28  Engineering Bay  
  54  4:30  Refinery  
  54  4:32  Siege Tank  
  54  4:34  Marine x2  
  54  4:37  SCV  
  54  4:38  SCV, Barracks  
  59  4:43  Supply Depot  
  59  4:49  SCV  
  59  4:50  SCV  
  61  4:56  Supply Depot, Terran Infantry Weapons Level 1  
  61  4:59  Marine  
  62  5:05  SCV x2  
  62  5:06  Supply Depot  
  66  5:09  Siege Tank  
  66  5:13  Barracks Tech Lab  
  66  5:17  SCV  
  66  5:18  Marine x2  
  66  5:21  SCV  
  61  5:29  SCV  
  61  5:33  Marauder, Stimpack, SCV, Starport Reactor  
  65  5:37  Refinery  
  65  5:41  SCV  
  65  5:42  Barracks Tech Lab  
  66  5:45  SCV  
  66  5:48  Marine  
  66  5:49  Marine  
  69  5:50  Factory Reactor  
  69  5:53  SCV  
  69  5:57  SCV, Combat Shield  
  69  5:58  Marauder  
  68  6:05  SCV  
  68  6:06  Marauder  
  68  6:09  SCV  
  72  6:11  Supply Depot  
  72  6:12  Marine x2  
  72  6:17  Medivac x2, SCV  
  79  6:21  SCV  
  79  6:23  Marauder  
  81  6:27  Supply Depot, Widow Mine x2  
  81  6:30  Supply Depot  
  81  6:31  SCV  
  86  6:33  Supply Depot, SCV  
  86  6:34  Marauder, Marine x2  
  90  6:47  Medivac x2  
  90  6:49  Marauder  
  90  6:52  Widow Mine  
  90  6:53  Widow Mine, Supply Depot  
  100  6:54  Marine x2  
  100  6:56  Marauder  
  104  7:12  Marauder, Marine  
  107  7:17  Marauder, Command Center  
  107  7:21  SCV x2  
  107  7:24  Marine  
  107  7:25  Widow Mine x2  
  107  7:33  SCV  
  107  7:36  Marine  
  106  7:37  Marauder  
  106  7:38  SCV, Marine  
  106  7:43  Marine  
  98  7:46  SCV  
  98  7:49  Widow Mine x2  
  98  7:50  SCV  
  93  7:53  Medivac  
  93  7:54  Medivac, Marine  
  93  7:56  Marauder  
  93  7:58  SCV  
  95  8:00  Marauder  
  95  8:05  Marine  
  93  8:13  Barracks  
  93  8:14  Widow Mine x2, Barracks  
  93  8:17  Marine  
  92  8:20  Marine  
  92  8:21  Marine  
  92  8:23  Medivac  
  92  8:27  Medivac, Marine  
  93  8:33  Supply Depot  
  94  8:34  Supply Depot  
  94  8:35  Widow Mine, Marine  
  94  8:38  Marine x2  
  97  8:45  Marine  
  96  8:51  Widow Mine  
  96  8:53  Marine  
  89  8:55  Marine  
  89  8:56  Marine  
  91  9:02  Marine  
  91  9:06  Marine  
Show
View Real Time Build Order
Export as new Build Order

PtitDrogo Protoss - Winner!

Build Orders: 1 Gate Expand, Blink Stalkers, Chargelot Immortal 

Get SALT Encoding   

  12  0:00  Probe  
  13  0:12  Probe  
  14  0:17  Pylon  
  14  0:24  Probe (Chrono Boost)  
  15  0:36  Gateway, Probe (Chrono Boost)  
  16  0:44  Probe (Chrono Boost)  
  16  0:46  Assimilator  
  17  0:51  Probe  
  18  1:03  Probe  
  19  1:15  Probe  
  20  1:24  Cybernetics Core  
  20  1:33  Nexus  
  20  1:39  Pylon  
  20  1:43  Probe  
  21  1:48  Assimilator  
  21  1:55  Probe  
  21  1:57  Adept (Chrono Boost)  
  21  2:00  Warp Gate  
  24  2:07  Probe  
  25  2:19  Probe  
  28  2:26  Twilight Council  
  26  2:32  Probe (Chrono Boost)  
  26  2:33  Stalker  
  29  2:42  Probe (Chrono Boost)  
  29  2:44  Gateway  
  30  2:47  Probe (Chrono Boost)  
  30  2:50  Probe  
  31  2:58  Probe  
  33  3:02  Blink (Chrono Boost), Probe  
  36  3:10  Probe  
  35  3:14  Probe  
  35  3:19  Robotics Facility  
  34  3:22  Probe  
  34  3:26  Probe  
  36  3:34  Probe  
  36  3:37  Pylon  
  36  3:38  Probe  
  38  3:46  Probe  
  38  3:48  Stalker x2  
  43  3:50  Probe  
  44  4:02  Nexus  
  45  4:06  Warp Prism  
  46  4:12  Stalker x2  
  46  4:15  Pylon  
  50  4:17  Probe  
  51  4:31  Shield Battery  
  51  4:38  Stalker x2  
  55  4:39  Probe x2  
  55  4:41  Pylon  
  57  4:51  Probe, Charge (Chrono Boost), Pylon  
  57  4:52  Assimilator  
  58  5:01  Stalker x2  
  58  5:02  Probe  
  58  5:04  Probe  
  64  5:17  Probe  
  64  5:20  Gateway  
  65  5:22  Gateway  
  61  5:34  Probe x2 (Chrono Boost)  
  62  5:36  Probe (Chrono Boost)  
  62  5:41  Gateway  
  62  5:42  Gateway  
  62  5:43  Gateway  
  62  5:44  Gateway  
  62  5:46  Gateway  
  62  5:47  Probe x2 (Chrono Boost)  
  62  5:48  Shield Battery  
  65  5:50  Zealot, Sentry  
  65  5:52  Probe (Chrono Boost)  
  65  5:53  Probe x2 (Chrono Boost)  
  75  6:04  Immortal (Chrono Boost)  
  75  6:05  Probe x2  
  75  6:08  Pylon  
  75  6:11  Pylon  
  78  6:16  Stalker  
  78  6:18  Stalker x2  
  83  6:26  Probe x3  
  83  6:28  Pylon  
  83  6:31  Templar Archives  
  86  6:35  Zealot x2  
  90  6:42  Probe x2  
  90  6:43  Probe  
  90  6:44  Assimilator  
  90  6:46  Immortal (Chrono Boost)  
  97  6:57  Probe x3  
  97  7:00  Pylon  
  97  7:01  Pylon  
  100  7:07  Zealot  
  100  7:08  Zealot x2  
  104  7:11  Zealot x2  
  104  7:12  Zealot x4  
  114  7:22  Immortal (Chrono Boost)  
  108  7:24  Shield Battery  
  108  7:29  Zealot, High Templar x2  
  112  7:33  Archon  
  112  7:34  Assimilator  
  112  7:36  Zealot x5  
  110  7:41  Zealot  
  88  8:02  Zealot x9  
  104  8:08  Immortal (Chrono Boost)  
  100  8:23  Stalker x4  
  100  8:24  Zealot x3  
  102  8:34  Forge  
  102  8:36  Forge  
  102  8:39  Zealot x2  
  92  8:52  Zealot x7  
  100  9:08  Stalker x2  
  93  9:19  Stalker x2  
  93  9:20  Stalker x5  

Tags
 
Add a new tag
Caveats
  • Supply blocks, unpowered buildings, or Contaminate may cause inaccurate times.
  • Supply counts are checked every 10 seconds.